[Event "MCR rapid mládeže 2023 U16"]
[Site "Harachov, Czech Republic"]
[Date "2023.09.09"]
[Round "6.17"]
[White "Bara, Jan"]
[Black "Honcharov, Makar"]
[Result "0-1"]
[TimeControl "20min+5s/move"]
[WhiteElo "1823"]
[BlackElo "1593"]

1. d4 Nf6 2. c4 g6 3. Nc3 Bg7 4. e4 d6 5. f4 O-O 6. Nf3 c5 7. d5 e6 8. Be2 exd5 9. cxd5 Re8 10. e5 dxe5 11. fxe5 Ng4 12. e6 fxe6 13. d6 Qb6 14. Na4 Qc6 15. h3 Ne5 16.
Bf4 Nxf3+ 17. Bxf3 Qb5 18. Be2 Qb4+ 19. Bd2 Qh4+ 20. Kf1 Rf8+ 21. Bf3 Qc4+ 22. Kg1 Bd4+ 23. Kh2 Be5+ 24. g3 Qd3 25.
Kg2 Rxf3 26. Qxf3 Qxd2+ 27. Qf2 Qd5+ 28. Kh2 Bd4 0-1

[Event "MCR rapid mládeže 2023 U16"]
[Site "Harachov, Czech Republic"]
[Date "2023.09.09"]
[Round "6.18"]
[White "Kozdon, Marek"]
[Black "Boff, Ondrej"]
[Result "0-1"]
[TimeControl "20min+5s/move"]
[WhiteElo "1548"]
[BlackElo "1486"]

1. d4 Nf6 2. Nf3 c5 3. d5 d6 4. a4 g6 5. c4 Bg7 6. Nc3 O-O 7. e4 Nbd7 8. Bd3 b6 9. O-O Ba6 10.
b3 Nxe4 11. Bxe4 Bxc3 12. Rb1 Bg7 13. Bf4 Nf6 14. Qc2 Nxe4 15. Qxe4 Bc8 16. Rfe1 Bf5 17. Qxe7 Qxe7 18. Rxe7 Bxb1 19.
Bxd6 Rfe8 20. h3 Rxe7 21. Bxe7 Re8 22. d6 Bf5 23. g4 Bc8 24. Kg2 Bf8 25. Bxf8 Rxf8 26. Ne5 Rd8 27. Nc6 Rxd6 28. Ne7+ Kg7 29. Nxc8 Rd3 30. Nxa7 Rxb3 31. Nc8 Kf6 32.
f3 g5 33. Kf2 Ke6 34. Ke2 Kd7 35. Na7 Ra3 36. Kd2 Rxf3 37. Nb5 Rxh3 38. Nc3 Rg3 39. Ne4 Rg2+ 40. Kd3 h6 41. Kc3 Ke6 42.
Kd3 Rxg4 43. a5 Rxe4 44. a6 Re1 45. a7 Ra1 46. a8=N g4 47. Nc7+ Kd7 48. Nd5 g3 49. Nf4 f5 50.
Ke3 Kd6 51. Kf3 Ra3+ 52. Kg2 Ke5 53. Ng6+ Kf6 54. Nf4 Kg5 55. Ne6+ Kg4 56. Ng7 h5 57. Ne6 h4 58. Ng7 f4 59.
Nf5 h3+ 60. Kf1 Kxf5 61. Ke2 f3+ 62. Kd2 h2 63. Kc2 g2 64. Kd2 f2 65. Kc2 Re3 66. Kd2 Kf4 67. Kc2 h1=N 68. Kd2 f1=N+ 69. Kc2 g1=N 70. Kb2 Nhg3 71. Ka1 Re2 72. Kb1 Nf3 73. Ka1 Ne3 74. Kb1 Ng2 75. Ka1 Ne4 76. Kb1 Nge1 77. Ka1 Nd3 78. Kb1 Nd4 79. Ka1 Ke5 80. Kb1 Nc3+ 81. Ka1 Nc2# 0-1

[Event "MCR rapid mládeže 2023 U16"]
[Site "Harachov, Czech Republic"]
[Date "2023.09.09"]
[Round "6.19"]
[White "Rudlof, Adam"]
[Black "Mydlar, Matej"]
[Result "1/2-1/2"]
[TimeControl "20min+5s/move"]
[WhiteElo "1436"]
[BlackElo "1711"]

1. e4 c5 2. Nf3 d6 3. d4 cxd4 4. Nxd4 Nf6 5. Nc3 Nc6 6. Bg5 e6 7. Qd2 a6 8. O-O-O h6 9. Bh4 Be7 10. f4 Bd7 11.
Nf3 b5 12. Bxf6 gxf6 13. Kb1 Rc8 14. g3 Na5 15. Bd3 Nc4 16. Bxc4 Rxc4 17. Rhe1 b4 18. Ne2 Rxe4 19. Qd3 d5 20.
Qxa6 Rc4 21. Nfd4 O-O 22. b3 Rc5 23.
Qd3 Qc8 24. Qe3 Bd6 25. Rc1 Qa6 26. Qd3 Qxd3 27. cxd3 Rfc8 28. Rxc5 Rxc5 29. Rc1 e5 30. Rxc5 Bxc5 31. Nf3 Bf5 32.
Kc2 e4 33. Ne1 Bf2 34. Kd2 e3+ 35. Kd1 Bxe1 36. Kxe1 Bxd3 37. Nd4 Bb1 38. Nc6 Bxa2 39. Nxb4 Bxb3 40. Ke2 d4 41. Nc6 Bc4+ 42.
Ke1 d3 43. Nd4 d2+ 44. Kd1 Kf8 45. Kc2 Ke7 46. Nf5+ Ke6 47. Nxe3 Ba6 48. Kxd2 f5 49. Kc3 f6 50. Kd4 h5 51. Nd5 Bf1 52. Nc7+ Kd6 53.
Ne8+ Ke7 54. Ng7 Be2 55. Nxf5+ Ke6 56. Ne3 f5 57. Ng2 Bf3 58. Nh4 Be4 59. Ng6 Kf6 60. Ne5 Bb1 61. h3 Bc2 62.
g4 hxg4 63. hxg4 fxg4 64. Nxg4+ Kf5 65. Ne3+ Kxf4 66. Nxc2 Ke5+ 1/2-1/2

[Event "MCR rapid mládeže 2023 U16"]
[Site "Harachov, Czech Republic"]
[Date "2023.09.09"]
[Round "6.20"]
[White "Sotek, Matej"]
[Black "Frantsev, Iegor"]
[Result "1-0"]
[TimeControl "20min+5s/move"]
[WhiteElo "1410"]
[BlackElo "1431"]

1. e4 c6 2. Nf3 d5 3. exd5 cxd5 4.
d4 Bg4 5. Nc3 e6 6. h3 Bxf3 7.
Qxf3 Nc6 8. Bb5 Nf6 9. Bg5 Be7 10. a3 O-O 11. Bxc6 bxc6 12. O-O Nd7 13. Bxe7 Qxe7 14. Rfe1 Rab8 15.
b3 Rfc8 16. Na4 Qg5 17. Qe3 Qxe3 18. Rxe3 c5 19. dxc5 Nxc5 20. Nxc5 Rxc5 21. Re2 Rbc8 22. Ra2 h6 23. Kf1 Rc3 24.
Ke1 Kf8 25. Kd2 Ke7 26. Re3 R3c5 27. Rg3 g5 28. Rg4 e5 29. Ra4 R8c7 30. Ra6 R5c6 31. Rxc6 Rxc6 32. b4 Rb6 33. Kd3 Kd6 34.
c4 e4+ 35. Kd4 dxc4 36. Kxe4 Rc6 37. Kd4 f5 38. b5 Rc5 39. a4 c3 40. Rc2 a6 41. Rxc3 Rd5+ 42. Kc4 axb5+ 43. axb5 Rd2 44.
Rd3+ Rxd3 45. Kxd3 Kc5 46. b6 Kxb6 47. Kd4 Kc6 48.
Ke5 f4 49. Kf5 Kd6 50. Kg6 Ke6 51. Kxh6 Kf6 52. f3 Kf5 53.
Kg7 g4 54. hxg4+ Kg5 55. Kf7 Kh4 56. Kf6 Kg3 57. Kf5 Kh4 58. g5 Kh5 59. Kxf4 Kg6 60. Kg4 Kg7 61. f4 Kg6 62. f5+ Kg7 63. Kh5 Kh7 64. f6 Kg8 65. g6 Kf8 66. g4 Kg8 67. g5 Kf8 68. Kh6 Kg8 69. f7+ Kf8 70. Kh7 Ke7 71. g7 1-0

[Event "MCR rapid mládeže 2023 U16"]
[Site "Harachov, Czech Republic"]
[Date "2023.09.09"]
[Round "6.21"]
[White "Walder, Hugo"]
[Black "Chernyy, Andrey"]
[Result "1/2-1/2"]
[TimeControl "20min+5s/move"]
[WhiteElo "1403"]
[BlackElo "1582"]

1. e4 e5 2. Nf3 Nc6 3. Bc4 Nf6 4. d3 Be7 5. Nc3 O-O 6. O-O d6 7. h3 h6 8. Nh2 Be6 9. Bb3 Nd4 10.
Be3 Nxb3 11. axb3 a6 12. f4 exf4 13. Bxf4 Nh7 14. Qd2 Bg5 15. Bxg5 Qxg5 16. Qxg5 Nxg5 17. Nf3 Nxf3+ 18. Rxf3 c6 19.
Raf1 Rac8 20. Kh2 d5 21. exd5 cxd5 22. R1f2 Rc7 23. Nd1 Rfc8 24. c3 b5 25. d4 Rb7 26. b4 Ra7 27. b3 a5 28.
Ra2 Rca8 29. bxa5 Rxa5 30. Rxa5 Rxa5 31. b4 Ra1 32. Nf2 h5 33. h4 Rc1 34. Nh3 g6 35. Nf4 Re1 36. Nxe6 fxe6 37.
g3 Re2+ 38. Kg1 Rc2 39. Kf1 Kg7 40. Ke1 Ra2 41. Kf1 Rc2 42. Ke1 Ra2 43. Rf2 Ra1+ 44. Ke2 Ra2+ 45. Ke3 Rxf2 46. Kxf2 Kf6 47.
Ke3 Kf5 48. Kf3 g5 49. hxg5 Kxg5 50. Kg2 Kg4 51. Kf2 Kg5 52. Kg2 Kf5 53. Kf3 Kg5 54. Kg2 1/2-1/2

[Event "MCR rapid mládeže 2023 U16"]
[Site "Harachov, Czech Republic"]
[Date "2023.09.09"]
[Round "6.22"]
[White "Zrust, Lukas"]
[Black "Hokr, Matyas"]
[Result "1-0"]
[TimeControl "20min+5s/move"]
[WhiteElo "1519"]
[BlackElo "1226"]

1. d4 Nf6 2. c4 e6 3. g3 d5 4. Bg2 c6 5. Nf3 Bb4+ 6. Bd2 Qb6 7. cxd5 cxd5 8. Nc3 Nc6 9. e3 Qa6 10.
a3 Bxc3 11. Bxc3 Bd7 12. Qe2 Qxe2+ 13. Kxe2 Ne4 14. Rhc1 Nxc3+ 15. Rxc3 O-O 16. Rac1 Rfc8 17. b4 a6 18. Ne1 b6 19.
Nd3 Ra7 20. Ne5 Kf8 21. Nxd7+ Rxd7 22. Rxc6 Rxc6 23. Rxc6 b5 24. Rxa6 Rc7 25. Kd2 Ke7 26. Rb6 Ra7 27. Rxb5 Rxa3 28.
Rb7+ Kf6 29. Ke2 Ra2+ 30. Kf3 g5 31. g4 Rb2 32. b5 Kg6 33. Rb8 f5 34. Bh3 fxg4+ 35. Bxg4 h5 36. Bxe6 g4+ 37. Kg3 Kf6 38. Bxd5 h4+ 39.
Kxh4 g3 40. Kxg3 Ke7 41. b6 Kd7 42.
b7 Kc7 43. Rc8+ Kd7 44. b8=Q Rb4 45. Qc7# 1-0

[Event "MCR rapid mládeže 2023 U16"]
[Site "Harachov, Czech Republic"]
[Date "2023.09.09"]
[Round "6.23"]
[White "Vancakova, Veronika"]
[Black "Jakubse, Tamae Severina"]
[Result "1/2-1/2"]
[TimeControl "20min+5s/move"]
[WhiteElo "1433"]
[BlackElo "1223"]

1. d4 Nf6 2. c4 g6 3. Nc3 d5 4. cxd5 Nxd5 5. e4 Nxc3 6. bxc3 Bg7 7. Bc4 c5 8. Ne2 Nc6 9. Be3 O-O 10.
O-O Bg4 11. f3 Na5 12. Bxf7+ Rxf7 13. fxg4 Rxf1+ 14. Kxf1 Qd6 15. Kg1 cxd4 16. cxd4 Rd8 17. Qa4 Qb6 18. Rf1 Qa6 19. Qc2 Nc4 20.
Qb3 Kh8 21. Rf7 Nd6 22. Nf4 Nxf7 23. Qxf7 Qb6 24. Ne6 Qb1+ 25. Kf2 Qxa2+ 26. Kf3 Rg8 27. Qxe7 Qb1 28. Nxg7 Rxg7 29. Qf8+ Rg8 30. Qf6+ 1/2-1/2

[Event "MCR rapid mládeže 2023 U16"]
[Site "Harachov, Czech Republic"]
[Date "2023.09.09"]
[Round "6.24"]
[White "Janouskova, Eliska"]
[Black "Nova, Anezka"]
[Result "1/2-1/2"]
[TimeControl "20min+5s/move"]
[WhiteElo "1333"]
[BlackElo "1382"]

1. e4 e6 2. Nf3 d5 3. Nc3 c5 4.
d4 Nc6 5. dxc5 Nf6 6. Bg5 Be7 7. Bd3 dxe4 8. Nxe4 Nxe4 9. Bxe7 Qxe7 10. Bxe4 Qxc5 11. O-O O-O 12. Qe2 Nd4 13. Nxd4 Qxd4 14.
c3 Qb6 15. Rad1 Re8 16. Rfe1 Qc7 17. Qe3 e5 18. h3 Be6 19. b3 f6 20. c4 1/2-1/2

[Event "MCR rapid mládeže 2023 U16"]
[Site "Harachov, Czech Republic"]
[Date "2023.09.09"]
[Round "6.25"]
[White "Strazhnyk, Viktoriia"]
[Black "Kusova, Nikola"]
[Result "0-1"]
[TimeControl "20min+5s/move"]
[WhiteElo "1392"]
[BlackElo "1247"]

1. e4 e5 2. Nf3 Nf6 3. Nxe5 d6 4. Nf3 Nxe4 5. Qe2 Qe7 6. d3 Nf6 7. Bg5 Qxe2+ 8. Bxe2 Be7 9. Nc3 Bd7 10.
O-O-O O-O 11. Bxf6 Bxf6 12. Nd5 Bd8 13. h4 Be6 14. Nc3 a5 15. h5 c6 16. h6 g6 17. d4 d5 18. Ne5 Nd7 19.
Nxd7 Bxd7 20. Bd3 b5 21. a3 b4 22. Na4 bxa3 23. bxa3 Rb8 24. g3 Bf6 25. Nc5 Bg4 26. Rde1 Bxd4 27.
Na6 Rb7 28. Rh4 Bxf2 29. Re5 Bxg3 30. Rxg4 Bxe5 31. Ra4 Bc3 32. Nc5 Re8 33. Be4 Rb5 34. Nd7 Rxe4 0-1

[Event "MCR rapid mládeže 2023 U16"]
[Site "Harachov, Czech Republic"]
[Date "2023.09.09"]
[Round "6.26"]
[White "Kratka, Tereza"]
[Black "Stepankova, Linda"]
[Result "1-0"]
[TimeControl "20min+5s/move"]
[WhiteElo "1147"]
[BlackElo "1124"]

1. c4 e5 2. Nc3 Nf6 3. Nf3 Nc6 4. g3 d5 5. cxd5 Nxd5 6. Bg2 Nxc3 7. bxc3 Bd6 8. O-O O-O 9. d3 h6 10.
Bb2 Be6 11. Qd2 Qd7 12. c4 Bh3 13. Qe3 Bxg2 14. Kxg2 Qe7 15. Rab1 Rab8 16. Rfc1 Bc5 17. Qd2 Rfd8 18. Qc3 Bd4 19.
Nxd4 exd4 20. Qd2 Qe6 21. Re1 Qg6 22. e3 dxe3 23. Rxe3 Nd4 24. Bxd4 Rxd4 25. Rb3 b6 26. Re7 Qc6+ 27.
Kg1 Rbd8 28. Rc3 Qd6 29. Re3 c5 30. Qe2 Kf8 31. Qc2 Qc7 32. Qb1 Qd7 33. Qc2 Qc7 34. Kg2 Qc6+ 35. f3 Qc7 36.
Re4 Qd7 37. Re3 Re8 38. Rxe8+ Qxe8 39. Ra3 Qd7 40. Kf2 Qe8 41. Rxa7 Qb8 42. Ra3 Qd6 43. Rb3 Ke7 44. Qb1 Kf8 45.
Rxb6 Qe5 46. Rb8+ Ke7 47. Qb7+ Rd7 48. Qb1 Qd4+ 49. Kg2 Qxd3 50. Qxd3 Rxd3 51. Rb7+ Ke6 52. Rc7 Rd2+ 53. Kh3 Rxa2 54.
Rxc5 Ra4 55. Rc6+ Kd7 56. Rc5 Kd6 57. Rd5+ Kc6 58. Rf5 Ra7 59. Kg4 Kd6 60. Kf4 g6 61. Rd5+ Kc6 62. Ke5 Ra4 63.
Kd4 Rb4 64. Re5 Kd6 65. Rb5 Ra4 66. Rb6+ Kd7 67. Kd5 Ra5+ 68. Rb5 Ra6 69. Rb7+ Ke8 70. c5 Ra5 71. Kd6 f5 72. c6 Ra2 73. Kc7 Rxh2 74. Kb8 Rc2 75.
c7 g5 76. c8=Q Rxc8+ 77. Kxc8 Kf8 78. Rd7 Kg8 79. Kc7 Kf8 80. Kd6 Kg8 81. Ke6 f4 82. g4 Kh8 83. Kf6 Kg8 84. Kg6 Kf8 85.
Kxh6 Ke8 86. Ra7 Kd8 87. Kxg5 1-0

[Event "MCR rapid mládeže 2023 U16"]
[Site "Harachov, Czech Republic"]
[Date "2023.09.09"]
[Round "6.27"]
[White "Kadlecova, Alena"]
[Black "Barteckova, Nikol"]
[Result "0-1"]
[TimeControl "20min+5s/move"]
[WhiteElo "1020"]
[BlackElo "1246"]

1. e4 c5 2. Nf3 d6 3. d4 cxd4 4. Nxd4 Nf6 5. Nc3 Nc6 6. Bg5 e6 7. Bb5 Bd7 8. O-O Be7 9. h3 Qc7 10. Re1 O-O 11. Bxc6 bxc6 12.
Qf3 h6 13. Bh4 e5 14. Nf5 Bxf5 15. Qxf5 Rab8 16. Rab1 Rfe8 17. f4 g6 18. Qxf6 Bxf6 19. Bxf6 exf4 20. Bd4 Qd7 21. e5 c5 22.
Bf2 Qc6 23. exd6 Qxd6 24. Rxe8+ Rxe8 25. Rd1 Qc6 26. a3 f3 27. g3 Kh7 28. Kh2 Qb7 29. Na4 Re2 30. Kg1 Qb5 31. Nc3 Qxb2 32.
Nxe2 fxe2 33. Re1 Qxc2 34. Kg2 Qe4+ 35. Kg1 c4 36. Bxa7 c3 37. Bf2 c2 38. a4 Qxa4 39. Kg2 Qc4 40.
Kg1 c1=Q 41. Rxc1 Qxc1+ 42. Kg2 e1=Q 43. Bxe1 Qxe1 44. h4 Qe2+ 45. Kh3 Qf1+ 46. Kh2 Qf2+ 47. Kh3 Qxg3+ 48. Kxg3 f5 49. Kf4 Kg7 50. Kg3 Kf6 51.
Kf4 g5+ 52. hxg5+ hxg5+ 53. Kg3 f4+ 54. Kg4 Kg6 55. Kf3 Kf5 56. Kf2 g4 57. Kg2 Ke4 58. Kf2 f3 59. Kg1 g3 60. Kf1 Ke3 61.
Kg1 f2+ 62. Kf1 g2+ 63. Kxg2 Ke2 64. Kh3 f1=Q+ 65. Kh4 Qg1 66. Kh5 Kf3 67. Kh6 Kf4 68. Kh7 Kf5 69. Kh8 Kf6 70. Kh7 Qg7+ 0-1

[Event "MCR rapid mládeže 2023 U16"]
[Site "Harachov, Czech Republic"]
[Date "2023.09.09"]
[Round "6.28"]
[White "Hujova, Tess"]
[Black "Trcalkova, Ema"]
[Result "1-0"]
[TimeControl "20min+5s/move"]
[WhiteElo "1104"]
[BlackElo "1306"]

1. e4 e5 2. Nf3 Nc6 3. d4 exd4 4. Nxd4 Bc5 5. Be3 Nxd4 6. Bxd4 Bf8 7. Bc4 d6 8. Qf3 Nf6 9. Nc3 Be7 10.
Nd5 c6 11. Nxf6+ Bxf6 12. Bxf6 Qxf6 13. Qxf6 gxf6 14. O-O-O Rg8 15. g3 Kd7 16. Bxf7 Rg7 17. Bb3 Kc7 18. Rd3 Bh3 19. Rhd1 Rd8 20.
c4 Rdd7 21. R1d2 a6 22. Rf3 Bg2 23. Rf4 Rg6 24. f3 Bh3 25. Rh4 Be6 26. f4 Bg8 27. f5 Rgg7 28. Rh6 Rg4 29. Re2 Re7 30.
Rxf6 1-0

[Event "MCR rapid mládeže 2023 U16"]
[Site "Harachov, Czech Republic"]
[Date "2023.09.09"]
[Round "6.29"]
[White "Fadrny, Jachym"]
[Black "Velim, Vojtech"]
[Result "0-1"]
[TimeControl "20min+5s/move"]
[WhiteElo "1347"]
[BlackElo "1799"]

1. e4 c6 2. Nc3 d5 3. Nf3 Bg4 4. h3 Bh5 5. exd5 cxd5 6. Bb5+ Nc6 7. g4 Bg6 8. Ne5 Rc8 9. d4 e6 10. Qe2 Bb4 11. O-O Nge7 12. Bg5 Bxc3 13. bxc3 f6 14. Nxg6 hxg6 15. Bf4 Kf7 16. Kg2 a6 17.
Bd3 g5 18. Bg3 Na5 19. Rae1 Qd7 20. Qd2 Qc6 21. Re3 Nc4 22. Bxc4 Qxc4 23. Rfe1 Rc6 24. a3 Rb6 25. Rf3 Ke8 26. Rfe3 Kd7 27. Qe2 Qxe2 28. R1xe2 Ng6 29.
Rd3 Rc8 30. Rde3 Rc4 31. Bb8 Ra4 32. Ba7 Rc6 33. Re1 Nf4+ 34. Kg3 Ng6 35. Rb1 Kc7 36. Rbe1 Nf4 37. Bc5 e5 38. Bf8 Ne6 39.
Be7 Kd7 40. Bxf6 gxf6 41. dxe5 fxe5 42. Rxe5 Rxa3 43. Rxd5+ Kc7 44. Rde5 Rcxc3+ 45. Kg2 Nf4+ 46. Kf1 Rxh3 47. Re7+ Kd6 48.
R1e6+ Nxe6 49. Ke1 0-1

[Event "MCR rapid mládeže 2023 U16"]
[Site "Harachov, Czech Republic"]
[Date "2023.09.09"]
[Round "6.30"]
[White "Moravec, Rene"]
[Black "Gernert , Tomas"]
[Result "1/2-1/2"]
[TimeControl "20min+5s/move"]
[WhiteElo "1165"]
[BlackElo "1236"]

1. e4 c5 2. Nf3 Nc6 3. Bc4 g6 4. O-O Bg7 5. c3 Nf6 6. Re1 d5 7. exd5 Nxd5 8. Qb3 Na5 9. Bb5+ Bd7 10.
Bxd7+ Qxd7 11. Qc2 O-O 12. d3 Rfd8 13. Bd2 Nb6 14. c4 Nc6 15. Re3 Bh6 16.
Re2 Bxd2 17. Rxd2 Nb4 18. Qc3 Na4 19. Qc1 Nxd3 20. Qf1 Qf5 21. Na3 Ne5 22. Rxd8+ Rxd8 23. Nxe5 Qxe5 24. Qe1 Qxb2 25. Nb5 a6 26.
Nc7 Qc3 27. Qxc3 Nxc3 28. h3 Rd1+ 29. Rxd1 Nxd1 30. Nd5 e6 31. Nf6+ Kg7 32. Nd7 Nb2 33. Nxc5 Nxc4 34. Nxb7 a5 35.
a4 Kf6 36. Kf1 Ke5 37. Ke2 Kd4 38. Nd8 f5 39. Nxe6+ Kd5 40. Nf4+ Kd6 41. Kd3 Nb2+ 42. Kc3 Nxa4+ 43. Kb3 Nc5+ 44.
Kc4 a4 45. Kb4 g5 46. Ne2 h5 47. f3 Kd5 48. Ng3 g4 49. fxg4 fxg4 50. hxg4 hxg4 51. Ne2 Nd3+ 52. Kxa4 Ne1 53.
g3 Ke4 54. Kb3 Kf3 55. Nd4 Kxg3 56. Kc3 Kf2 57. Nf5 Nf3 58. Kd3 Ng5 59. Kd4 Ne6+ 60. Ke5 Ng7 61. Kf4 Nxf5 62. Kxg4 1/2-1/2

[Event "MCR rapid mládeže 2023 U16"]
[Site "Harachov, Czech Republic"]
[Date "2023.09.09"]
[Round "6.31"]
[White "Vo, Daniel"]
[Black "Bartak, Tobias"]
[Result "1/2-1/2"]
[TimeControl "20min+5s/move"]
[WhiteElo "1445"]
[BlackElo "1259"]

1. e4 c5 2. Nf3 Nc6 3. d4 cxd4 4. Nxd4 g6 5. Be3 Bg7 6. Nc3 Nf6 7. f3 O-O 8. Be2 e6 9. O-O d5 10.
Bg5 e5 11. Nxc6 bxc6 12. Bxf6 Qxf6 13. exd5 Rd8 14. Ne4 Qe7 15. d6 Qd7 16. c4 f5 17. Nc3 Qxd6 18. Qxd6 Rxd6 19. Rad1 Rd4 20. c5 Be6 21. Rfe1 Rad8 22.
Rxd4 exd4 23. Na4 Bxa2 24. Bd3 Bb3 25. Ra1 Re8 26. Ra3 Bxa4 27. Rxa4 Re3 28. Bc4+ Kf8 29. Kf2 Re7 30. Ra6 Rc7 31.
b4 Be5 32. g3 h5 33. f4 Bf6 34. Bd3 Ke7 35. Ra1 Rb7 36. Re1+ Kd7 37. Rb1 Ke6 38. Bc4+ Kd7 39.
b5 cxb5 40. Bxb5+ Kc7 41. Ke2 a6 42. Bd3 Rxb1 43. Bxb1 Kc6 44. Kd3 Kxc5 45. Ba2 g5 46. fxg5 Bxg5 47. h4 Be3 48. Bf7 a5 49. Bxh5 a4 50. Bf7 Kb4 51. Be6 a3 52. h5 1/2-1/2

[Event "MCR rapid mládeže 2023 U16"]
[Site "Harachov, Czech Republic"]
[Date "2023.09.09"]
[Round "6.32"]
[White "Trejbal, Jindrich"]
[Black "Mauric, Jan"]
[Result "0-1"]
[TimeControl "20min+5s/move"]
[WhiteElo "1088"]
[BlackElo "1260"]

1. d4 e6 2. Nc3 Nf6 3. Bg5 Be7 4. e3 h6 5. Bxf6 Bxf6 6. Bd3 d5 7. Nge2 Bd7 8. O-O a6 9. Nf4 Nc6 10.
Nh5 Nb4 11. a3 Nxd3 12. cxd3 g6 13. Nf4 b5 14. Nce2 Rc8 15. Rc1 h5 16. Kh1 g5 17. Nh3 e5 18. Nhg1 exd4 19. exd4 g4 20.
Re1 Be6 21. Nf4 Kd7 22. Qc2 c6 23. Nxe6 fxe6 24. Qe2 Qe7 25. Qc2 Bxd4 26. f3 Bxg1 27. Rxg1 gxf3 28. gxf3 Qf6 29. Rg3 h4 30. Rh3 Qf5 31. Qg2 Rhg8 32. Qf1 Rcf8 33. Rc2 Rf6 34. Rf2 Rfg6 35. Rxh4 Rg1+ 36.
Qxg1 Rxg1+ 37. Kxg1 Qxd3 38. Rg2 Qb1+ 39. Kf2 Qxb2+ 40. Kg3 Qxa3 41. Rh7+ Kd6 42. h4 Qd3 43. Rh5 b4 44. Rb2 b3 45. Rg5 c5 46. Rg8 c4 47. Rb8 Kc7 48.
Rg8 Qc3 49. Re2 Kd7 50. Rg6 e5 51. Rg5 b2 52. Rgxe5 Qxe5+ 53. Rxe5 b1=Q 54. Rxd5+ Ke6 55. Rg5 Qg1+ 56. Kf4 Qc1+ 57.
Kg4 c3 58. Rf5 Qg1+ 59. Kf4 Qh2+ 60. Kg5 Qxh4+ 61. Kg6 Qh7 62. Kg5 Qxf5+ 63. Kh4 Qg6 64. Kh3 Qg1 65. Kh4 Qg2 66. Kh5 Kf5 67.
Kh4 Qh2+ 0-1

[Event "MCR rapid mládeže 2023 U16"]
[Site "Harachov, Czech Republic"]
[Date "2023.09.09"]
[Round "6.33"]
[White "Kozusnik, Jan"]
[Black "Bukovskij, Dmitri"]
[Result "1/2-1/2"]
[TimeControl "20min+5s/move"]
[WhiteElo "1399"]
[BlackElo "1291"]

1. e4 c5 2. Nf3 e6 3. d4 cxd4 4. Nxd4 Nf6 5.
Nc3 Bb4 6. Bd3 d5 7. O-O Bxc3 8. bxc3 dxe4 9. Bc4 O-O 10. Bg5 h6 11. Bxf6 Qxf6 12. Qe2 Nc6 13. Qxe4 Nxd4 14. cxd4 Rd8 15. c3 Rb8 16. Rab1 b6 17.
a4 Bb7 18. Qg4 Rbc8 19. Qe2 Qg5 20. f3 Qa5 21. Rfc1 Bd5 22. Rb4 Bxc4 23. Rxc4 b5 24. Rxc8 Rxc8 25. Qxb5 Qxb5 26. axb5 Rb8 27. c4 Rd8 28. Rd1 e5 29.
d5 Kf8 30. Ra1 Rd7 31. Ra6 Rc7 32. Ra4 Ke7 33. Kf2 Kd6 34. Ra6+ Kc5 35. Rc6+ Rxc6 36. dxc6 Kd6 37. Ke3 f5 38.
g4 g6 39. gxf5 gxf5 40. f4 e4 41. Kd4 a6 42. c5+ Kc7 43. bxa6 Kxc6 44. Kc4 Kc7 45. Kd4 Kc6 46. Ke3 Kc7 47. Kd2 Kc6 48. Kc3 Kc7 49.
Kc4 Kc6 1/2-1/2

[Event "MCR rapid mládeže 2023 U16"]
[Site "Harachov, Czech Republic"]
[Date "2023.09.09"]
[Round "6.34"]
[White "Vydra, David"]
[Black "Vorlik, Jachym"]
[Result "0-1"]
[TimeControl "20min+5s/move"]
[WhiteElo "1137"]
[BlackElo "1210"]

1. e4 e6 2. d4 d5 3. e5 c5 4. c3 Nc6 5. Nf3 Nge7 6. Na3 Ng6 7. Nc2 Be7 8. Be2 O-O 9. O-O Bd7 10.
Bd3 a6 11. Be3 c4 12. Be2 b5 13. Qd2 Rb8 14. a3 f6 15. exf6 Bxf6 16. Bg5 Bxg5 17. Nxg5 Nf4 18. Bg4 Qxg5 19.
Qd1 Nd3 20. Be2 Nf4 21. Bf3 Rf6 22. g3 Rbf8 23. h4 Qg6 24. Bg2 Nxg2 25. Kxg2 Qf7 26. Qe2 Ne7 27. Nb4 a5 28. Nc2 Nf5 29.
Ne3 Nxe3+ 30. Qxe3 Rf3 31. Qe2 Rd3 32. Rad1 Qf3+ 33. Qxf3 Rfxf3 34. Kg1 Be8 35. Kg2 Bh5 36. Kg1 Rxg3+ 37. fxg3 Rxd1 38. Rxd1 Bxd1 39. Kf2 Kf7 40. Ke3 Kf6 41. Kf4 h6 42. g4 g5+ 43. hxg5+ hxg5+ 44. Kg3 e5 0-1

[Event "MCR rapid mládeže 2023 U16"]
[Site "Harachov, Czech Republic"]
[Date "2023.09.09"]
[Round "6.35"]
[White "Vanacek, Pavel"]
[Black "Zelenka, Tomas"]
[Result "0-1"]
[TimeControl "20min+5s/move"]
[WhiteElo "1169"]
[BlackElo "1457"]

1. e4 c5 2. Nf3 Nc6 3. Nc3 g6 4. Bc4 Bg7 5. d3 Nf6 6. Bg5 O-O 7. O-O d6 8. Re1 Bg4 9. h3 Bxf3 10.
Qxf3 Nd4 11. Qd1 Qb6 12. b3 Qb4 13. Nd5 Nxd5
14. exd5 Nf5 15. g4 Bxa1 16. Qxa1 Nd4 17. c3 Nf3+ 18. Kg2 Nxe1+ 19. Qxe1 Qb6 20. b4 cxb4 21. cxb4 Qd4 22. Be3 Qg7 23. Qd2 Rfe8 24. Bh6 Qf6 25. Bg5 Qh8 26. Qc1 Rac8 27. Bd2 b5 28. Bc3 f6 29. Bxb5 Rf8 30. Bd7 Rc7 31. Be6+ Rf7 32.
Qb2 Kf8 33. Bxf7 Kxf7 34. a4 Qc8 35. Be1 Qb7 36. Qb3 a5 37. b5 Qb6 38. f4 Ke8 39. h4 Qe3 40. Bxa5 Qe2+ 41. Kg1 Rc1+ 42. Be1 Rxe1# 0-1

[Event "MCR rapid mládeže 2023 U16"]
[Site "Harachov, Czech Republic"]
[Date "2023.09.09"]
[Round "6.36"]
[White "Zika, Miroslav"]
[Black "Krivka, Lukas"]
[Result "1-0"]
[TimeControl "20min+5s/move"]
[WhiteElo "1199"]
[BlackElo "1104"]

1. c4 e6 2. Nc3 Nf6 3. Nf3 d5 4. cxd5 exd5 5. g3 d4 6. Nb5 Bc5 7. b3 a6 8. Na3 Nc6 9. Bg2 O-O 10. Bb2 d3 11. O-O dxe2 12.
Qxe2 Re8 13. Qc4 Qd6 14. Nc2 Be6 15. Qh4 Bf5 16. Ne3 Bxe3 17. dxe3 Re6 18. Ng5 Ree8 19. Rad1 Qe7 20. Nf3 Ne4 21.
Qxe7 Nxe7 22. Nh4 Nd6 23. Nxf5 Nexf5 24. Rc1 c6 25. Rfd1 Rad8 26. a4 f6 27. Rc2 Nf7 28. Rcd2 Kf8 29.
Ba3+ Kg8 30. Bh3 N5d6 31. Bf1 Ne4 32. Rd4 Ned6 33. Bc4 Nxc4 34. bxc4 Rxd4 35. Rxd4 Rd8 36. Kg2 Rxd4 37. exd4 b5 38. axb5 axb5 39. cxb5 cxb5 40. Kf3 Ng5+ 41.
Ke3 Kf7 42. h4 Ne6 43. d5 Nd8 44. Kd4 Nb7 45. f4 Ke8 46. d6 Kd7 47. Kd5 g6 48. g4 h5 49. g5 fxg5 50. fxg5 Nd8 51. Bb4 Nb7 52. Ke5 Nd8 53. Kf6 Nb7 54. Ke5 Nd8 55. Kf6 Nb7 56.
Kxg6 Nxd6 57. Bxd6 Kxd6 58. Kh7 b4 59. g6 b3 60. g7 b2 61. g8=Q b1=Q+ 62. Kh6 Qb5 63. Qg6+ Kd7 64. Qf7+ Kd6 65.
Qf8+ Kd7 66. Qg7+ Ke6 67. Qg5 Qxg5 68. hxg5 Kf7 69. Kh7 h4 70. g6+ Kf6 71. g7 h3 72. g8=Q h2 73. Qg2 1-0

[Event "MCR rapid mládeže 2023 U16"]
[Site "Harachov, Czech Republic"]
[Date "2023.09.09"]
[Round "6.37"]
[White "Martikanova, Amalie"]
[Black "Tykalova, Barbora"]
[Result "0-1"]
[TimeControl "20min+5s/move"]
[WhiteElo "1107"]
[BlackElo "1121"]

1. e4 e5 2. f4 Nc6 3. Nf3 d5 4. exd5 Qxd5 5. Nc3 Qc5 6. fxe5 Nxe5 7. Qe2 Bd6 8. d4 Qa5 9. Nxe5 Bxe5 10.
dxe5 Be6 11. Bd2 O-O-O 12. Nb5 Qa6 13. Qe3 Qb6 14. Nxa7+ Kb8 15. Qxb6 cxb6 16. Nb5 Ne7 17. Nd6 Nd5 18.
O-O-O f6 19. Bc4 fxe5 20. Bb4 Nxb4 21. Bxe6 Rhf8 22. Nf7 Rde8 23. Bb3 Rc8 24. Nxe5 Rf2 25. Nc4 b5 26. Nd2 Rf6 27.
a3 Nd3+ 28. Kb1 Nf2 29. Rhe1 Nxd1 30. Rxd1 Rf2 31. Bd5 Rd8 32. Nb3 Rc8 33. c3 Rd8 34. Nc5 Rf5 35. Ne6 Rdxd5 36. Rxd5 Rxd5 37.
Nxg7 Rg5 38. Ne6 Rxg2 39. h3 Ka7 40.
Nd4 Kb6 41. h4 Rh2 42. Nf3 Rh3 43. Ne5 Rxh4 44. Ka2 h5 45. Ng6 Rh1 46. Kb3 h4 47. Nxh4 Rxh4 48. Kc2 Rh2+ 49. Kb3 Kc5 50.
c4 bxc4+ 51. Kc3 Rh3+ 52. Kd2 Kd4 53. Kc2 Rh2+ 54. Kb1 c3 55. bxc3+ Kxc3 56. a4 Rb2+ 57. Kc1 Rh2 58. Kb1 b6 59.
a5 bxa5 60. Ka1 Kb3 61. Kb1 Rh1# 0-1

[Event "MCR rapid mládeže 2023 U16"]
[Site "Harachov, Czech Republic"]
[Date "2023.09.09"]
[Round "6.38"]
[White "Vanickova, Natalie"]
[Black "Hamernikova, Iris"]
[Result "0-1"]
[TimeControl "20min+5s/move"]
[WhiteElo "1162"]
[BlackElo "1387"]

1. d4 d5 2. c4 dxc4 3. e4 Nc6 4. Nf3 Nf6 5. Nc3 Bg4 6. d5 Ne5 7. Be2 Nxf3+ 8. Bxf3 Bxf3 9. Qxf3 Nd7 10.
Bf4 c6 11. O-O g6 12. Qe2 Bg7 13. Rac1 O-O 14. Qxc4 cxd5 15. exd5 Rc8 16. Qd3 Nc5 17. Qf3 e6 18. Rfd1 exd5 19.
Nxd5 Qh4 20. Bd6 Ne6 21. Bxf8 Rxc1 22. Rxc1 Bxf8 23. g3 Qg5 24. Rd1 Qe5 25. b3 Qb2 26. a4 Nd4 27. Qe3 Bc5 28.
Qe8+ Kg7 29. Qe5+ Kg8 30. Nf6+ Kg7 31. Ne4+ Kg8 32. Nxc5 Nf3+ 33. Kg2 Nxe5 34. Nd3 Nxd3 35. Rxd3 Qc2 36.
Rd8+ Kg7 37. Rd7 Qc6+ 38. Kg1 Qxd7 39. b4 Qxa4 40. Kg2 Qxb4 41. Kg1 a5 42. Kg2 Qe4+ 43. Kg1 Qg2+ 44. Kxg2 a4 45.
Kf3 a3 46. Kg2 a2 47. Kg1 a1=R+ 48. Kg2 b5 49. Kh3 b4 50. Kg2 Ra2 51. Kf3 Rxf2+ 52. Kxf2 b3 53. Ke2 b2 54. Kf3 b1=Q 55.
Kg2 Qc2+ 56. Kf3 Qd3+ 57. Kf2 f5 58. g4 fxg4 59. h3 Qf3+ 60. Ke1 Kf6 61. hxg4 Ke5 62. g5 Kd4 63. Kd2 Qf2+ 64.
Kd1 Kc3 65. Kc1 Qe1# 0-1